 Seeded DCSS version 0.30-a0-918-g0ff054e9dc (webtiles) character file.

Game seed: 13555036537017109050 (custom seed)

44 GigaChad the Shield-Bearer (level 3, 0/30 HPs)
             Began as a Formicid Fighter on Mar 21, 2023.
             Slain by a gnoll
             ... wielding a +0 spear
              (5 damage)
             ... on level 2 of the Dungeon.
             The game lasted 00:01:31 (833 turns).

GigaChad the Shield-Bearer (Formicid Fighter)        Turns: 833, Time: 00:01:32

Health: 0/30       AC:  7    Str: 22    XL:     3   Next: 87%
Magic:  3/3        EV:  9    Int:  7    God:
Gold:   1947       SH:  5    Dex: 13    Spells: 2/2 levels left

rFire   . . .      SeeInvis +    a - +0 war axe
rCold   . . .      Faith    .    c - +0 buckler
rNeg    . . .      Spirit   .    b - +0 scale mail
rPois   .          Reflect  .    (helmet unavailable)
rElec   .          Rampage  .    (no cloak)
rCorr   .                        (no gloves)
Will    .....                    (no boots) Stlth
                                 (no amulet)
HPRegen 0.25/turn                (no ring)
MPRegen 0.08/turn                (no ring)

@: no status effects
A: permanent stasis, dig shafts and tunnels, antennae 3, four strong arms
a: Dig, Shaft Self


You were on level 2 of the Dungeon.
You visited 1 branch of the dungeon, and saw 2 of its levels.

You collected 1947 gold pieces.

Inventory:

Hand Weapons
 a - a +0 war axe (weapon)
Armour
 b - a +0 scale mail (worn)
 c - a +0 buckler (worn)
Jewellery
 h - an amulet of the acrobat
Scrolls
 e - a scroll of blinking {unknown}
 g - a scroll of identify {unknown}
Potions
 d - 2 potions of might
 f - a potion of curing {unknown}
 i - 2 potions of haste {unknown}
 j - a potion of heal wounds {unknown}


   Skills:
 + Level 3.7 Fighting
 + Level 2.5 Axes
 + Level 3.7 Armour
 + Level 0.1 Dodging
 + Level 4.6 Shields


You had 2 spell levels left.
You didn't know any spells.
Your spell library was empty.

Dungeon Overview and Level Annotations

Branches:
Dungeon (2/15)

Altars:


Innate Abilities, Weirdness & Mutations

You cannot be hasted, slowed, berserked, paralysed or teleported.
You can dig through walls and to a lower floor.
You have a pair of large antennae on your head. (SInv)
Your four strong arms can wield two-handed weapons with a shield.


Message History

There are monsters nearby!
You closely miss the gnoll.
The gnoll is moderately wounded.
The gnoll hits you with a +0 club. You block the gnoll's attack.
The gnoll hits you from afar with a +0 spear!
The gnoll hits you with a +0 club.
There are monsters nearby!
You are too injured to fight recklessly!
You are too injured to fight recklessly!
You are too injured to fight recklessly!
Unknown command.
You are too injured to fight recklessly!
You slash the gnoll!
The gnoll is almost dead.
You closely miss the gnoll. The gnoll hits you with a +0 club.
The gnoll barely misses you. x2
You barely miss the gnoll.
The gnoll is almost dead.
You slash the gnoll! The gnoll hits you with a +0 club.
The gnoll closely misses you. x2
You slash the gnoll!
You kill the gnoll!
You hit the gnoll.
You kill the gnoll!
You block the gnoll's attack. The gnoll closely misses you.
The gnoll hits you from afar with a +0 spear.
* * * LOW HITPOINT WARNING * * *
The gnoll closely misses you. The gnoll barely misses you.
Things that are here:
a +0 club; a gnoll corpse You block the gnoll's attack.
The gnoll closely misses you.
You hit the gnoll.
The gnoll is heavily wounded.
You block the gnoll's attack. The gnoll hits you with a +0 spear.
* * * LOW HITPOINT WARNING * * *
You slash the gnoll!
You kill the gnoll!
The gnoll hits you from afar with a +0 spear.
You die...

...#...#...#..###.#####
.#...#...#...#..#.....
...#...#...#...#..#...
.#...#...#.(.#...#..#
...#...#...#...#....#
.#...#†..#...#(!.#..#
...#...#...#...#....#
(#...#...#...#..)#..#
...#...#...#..)#@...#
.#...#...#...#..)#......
...#...#...#..g#....####
.#...#...#...#...#....
...#.).#...#...#....#..
.#...#...#...#...#......
...#...#...#...#.. .#<..
.#...#...#...# .## #..
...#.(.#...#.


You could see a gnoll.

Vanquished Creatures
  3 gnolls (D:2)
  2 dart slugs
  An orc (D:2)
  3 endoplasms
  A giant cockroach (D:1)
  2 goblins (D:1)
  2 hobgoblins (D:1)
  2 bats
  A frilled lizard (D:1)
  2 kobolds (D:1)
  2 rats (D:1)
21 creatures vanquished.

Notes
Turn   | Place    | Note
-------+----------+-------------------------------------------
     0 | D:1      | GigaChad the Formicid Fighter began the quest for the Orb.
     0 | D:1      | Reached XP level 1. HP: 18/18 MP: 1/1
   275 | D:1      | Reached XP level 2. HP: 22/24 MP: 2/2
   416 | D:1      | Identified a scroll of acquirement
   416 | D:1      | Acquired 976 gold pieces
   733 | D:2      | Acquired 918 gold pieces
   804 | D:2      | Reached XP level 3. HP: 29/29 MP: 3/3
   833 | D:2      | Slain by a gnoll

Illustrated notes

Levels and vault maps discovered:
D:1:      dpeg_arrival_water_fire, layout_basic
D:2:      layout_basic, hex_large, reono_crystal_passage, st_stairs_2,
          minmay_tromino_v7, uniq_natasha

Action                     || total
---------------------------++-------
  Melee: War axe           ||    49
    Use: Scroll            ||     3
 Armour: Scale mail        ||    17
  Dodge: Dodged            ||    28
  Block: Buckler           ||     9

Table legend: (Time is in decaauts)
 A = Elapsed time spent in this place.
 B = Non-inter-level travel time spent in this place.
 C = Inter-level travel time spent in this place.
 D = Time resting spent in this place.
 E = Time spent auto-exploring this place.
 F = Levels seen in this place.
 G = Mean time per level.
                   A        B        C        D        E       F      G
               +--------+--------+--------+--------+--------+-----+--------+
         Total |    852 |    758 |     94 |      0 |    598 |   2 |  426.0 |
       Dungeon |    852 |    758 |     94 |      0 |    598 |   2 |  426.0 |
               +--------+--------+--------+--------+--------+-----+--------+

Top non-repeatable levels by time:
     D:1: 738 daAuts
     D:2: 114 daAuts
